 Dungeon Crawl Stone Soup version 0.29.1-1-gd02db6906a (webtiles) character file.

Game seed: 2365689332266882168

1019 Iusername the Ruffian (level 8, -2/75 HPs)
             Began as a Troll Berserker on Sept 15, 2022.
             Was a Priest of Trog.
             Slain by an ogre
             ... wielding a +0 giant club
              (9 damage)
             ... on level 5 of the Dungeon.
             The game lasted 00:06:34 (3762 turns).

Iusername the Ruffian (Troll Berserker)             Turns: 3762, Time: 00:06:34

Health: -2/75      AC:  4    Str: 26    XL:     8   Next: 2%
Magic:  7/7        EV: 10    Int:  5    God:    Trog [***...]
Gold:   198        SH:  0    Dex:  9    Spells: 7/7 levels left

rFire   . . .      SeeInvis .     - Unarmed
rCold   . . .      Faith    .   (no shield)
rNeg    . . .      Spirit   .   a - +0 animal skin
rPois   .          Reflect  .   (helmet restricted)
rElec   .          Harm     .   (no cloak)
rCorr   .          Rampage  .   (gloves unavailable)
Will    .....                   (boots unavailable)
Stlth   +.........              (no amulet)
HPRegen 1.02/turn               (no ring)
MPRegen 0.10/turn               (no ring)

@: no status effects
A: large, unfitting armour, claws 3, regeneration 1, shaggy fur 1, tough skin 1
a: Renounce Religion, Berserk, Trog's Hand


You were on level 5 of the Dungeon.
You worshipped Trog.
Trog was most pleased with you.
You visited 1 branch of the dungeon, and saw 5 of its levels.

You collected 198 gold pieces.

Inventory:

Missiles
 r - 2 throwing nets (quivered)
Armour
 a - a +0 animal skin (worn)
Wands
 o - a wand of digging (1)
Scrolls
 c - a scroll of amnesia
 h - a scroll of butterflies {unknown}
 j - 5 scrolls of identify
 l - 2 scrolls of teleportation
 m - a scroll of enchant weapon {unknown}
 n - 2 scrolls of blinking {unknown}
 p - a scroll of poison {unknown}
 q - a scroll of immolation {unknown}
 s - a scroll of fear {unknown}
Potions
 b - a potion of magic {unknown}
 d - a potion of haste {unknown}
 e - 2 potions of attraction {unknown}
 f - 2 potions of might {unknown}
 g - 4 potions of curing {unknown}
 i - a potion of lignification {unknown}
 k - 5 potions of degeneration {unknown}


   Skills:
 - Level 3.0 Fighting
 + Level 4.6 Dodging
 + Level 1.2 Stealth
 + Level 7.9 Unarmed Combat


You had 7 spell levels left.
You didn't know any spells.
Your spell library was empty.

Dungeon Overview and Level Annotations

Branches:
Dungeon (5/15)
 Temple: D:4-7

Altars:
Ashenzari
Elyvilon
Gozag
Qazlal
Wu Jian
Zin


Innate Abilities, Weirdness & Mutations

You are too large for most types of armour.
You have claws for hands.
Your natural rate of healing is unusually fast.
You are covered in fur. (AC +1)
You have tough skin. (AC +1)


Message History

Trog accepts your kill.
No target in view!
No target in view!
A phantom comes into view.
You miss the phantom. The phantom hits you.
You scratch the phantom.
The phantom is lightly damaged.
The phantom closely misses you.
You scratch the phantom but do no damage.
The phantom is lightly damaged.
The phantom hits you.
You mangle the phantom!!
The phantom is severely damaged.
You closely miss the phantom. You claw the phantom.
You destroy the phantom!
Trog accepts your kill.
Found 13 gold pieces.
HP restored.
You now have 198 gold pieces (gained 13).
Found a cloak.
An ogre comes into view. It is wielding a +0 giant club.
The ogre shouts!
You hear a shout!
An ogre comes into view. It is wielding a +0 giant club.
The ogre hits you with a +0 giant club!
You mangle the ogre!!
The ogre is almost dead.
The ogre hits you with a +0 giant club!!
The ogre barely misses you.
You mangle the ogre!!
You kill the ogre!
Trog accepts your kill.
You have reached level 8!
The ogre hits you with a +0 giant club!!
* * * LOW HITPOINT WARNING * * *
Things that are here:
a +0 giant club; an ogre corpse You claw the ogre!
The ogre is moderately wounded.
The ogre hits you with a +0 giant club!
You die...

##.........#......
.#..............#
...........^...#
...............## #
.#..............## .#
.#########.......###..##
.# #.....#........ ##
#.....#O....... #
#......@# # #.....[## #
#.....## # #.....# #
#...... # #####... #
##### ### ..#


You could see an ogre.

Vanquished Creatures
  Menkaure (D:4)
  A black bear (D:4)
  An ogre (D:5)
  3 phantoms
  A scorpion (D:4)
  A jelly (D:4)
  3 orc priests (D:4)
  2 iguanas (D:5)
  4 orc wizards (D:4)
  3 adders
  4 gnolls (D:4)
  4 worms
  3 dart slugs (D:1)
  9 orcs
  5 ball pythons
  3 endoplasms
  5 giant cockroaches
  10 goblins
  3 hobgoblins
  5 jackals (D:2)
  7 kobolds
  5 quokkas
  5 bats
  3 frilled lizards
  2 rats
93 creatures vanquished.

Vanquished Creatures (others)
  3 plants (D:2)
  3 withered plants (D:2)
6 creatures vanquished.

Grand Total: 99 creatures vanquished

Notes
Turn   | Place    | Note
-------+----------+-------------------------------------------
     0 | D:1      | Iusername the Troll Berserker began the quest for the Orb.
     0 | D:1      | Reached XP level 1. HP: 22/22 MP: 0/0
    92 | D:1      | Reached XP level 2. HP: 28/29 MP: 1/1
   385 | D:1      | Reached ** piety under Trog
   386 | D:1      | Reached XP level 3. HP: 32/36 MP: 2/2
   773 | D:2      | Found a faded altar of an unknown god.
  1453 | D:3      | Reached skill level 4 in Unarmed Combat
  1493 | D:3      | Found an opulent altar of Gozag.
  1525 | D:3      | Found a stormy altar of Qazlal.
  1527 | D:3      | Found a broken altar of Ashenzari.
  1536 | D:3      | Reached XP level 4. HP: 45/45 MP: 3/3
  1837 | D:3      | Found a white marble altar of Elyvilon.
  1969 | D:3      | Found a glowing silver altar of Zin.
  2193 | D:4      | Reached XP level 5. HP: 14/53 MP: 4/4
  2466 | D:4      | Found an ornate altar of the Wu Jian Council.
  2504 | D:4      | Reached skill level 5 in Unarmed Combat
  2716 | D:4      | Reached *** piety under Trog
  2746 | D:4      | Reached XP level 6. HP: 61/61 MP: 5/5
  2831 | D:4      | Reached skill level 6 in Unarmed Combat
  2933 | D:4      | Noticed Menkaure
  2939 | D:4      | Killed Menkaure
  2940 | D:4      | Reached XP level 7. HP: 48/67 MP: 6/6
  3233 | D:4      | Reached skill level 7 in Unarmed Combat
  3256 | D:4      | Reached skill level 1 in Stealth
  3646 | D:5      | Entered Level 5 of the Dungeon
  3761 | D:5      | Reached XP level 8. HP: 34/75 MP: 7/7
  3762 | D:5      | Slain by an ogre

Illustrated notes

Levels and vault maps discovered:
D:1:      beargit_arrival_greenhouse, layout_rooms, serial_park_tiny_pond,
          minivault_25
D:2:      layout_basic, shapermc_ecumenical_altar_flowoftime,
          chequers_serial_rivers_micro_c
D:3:      layout_basic, pdpol_temple_overflow_zin_treasury_gozag_greed,
          nicolae_elyvilon_peaceful_grove, nicolae_overflow_squiral,
          solitary_fountain
D:4:      layout_basic, nzn_wu_jian_contemplation, uniq_menkaure
D:5:      layout_basic, palyth_stone_intersect

Skill      XL: |  1  2  3  4  5  6  7 |
---------------+----------------------+-----
Fighting       | 3 |  3.0
Unarmed Combat | 4 5 6 7 |  7.9
Dodging        | 3 4 |  4.6
Stealth        | 1 |  1.2

Action                   |  1- 3 |  4- 6 |  7- 9 || total
-------------------------+-------+-------+-------++-------
Melee: Unarmed           |   134 |   110 |    33 ||   277
       Punch             |     2 |     2 |     2 ||     6
  Use: Scroll            |       |     2 |       ||     2
Armor: Animal skin       |    37 |    21 |     7 ||    65
Dodge: Dodged            |    63 |    48 |    18 ||   129
